 Dungeon Crawl Stone Soup version 0.20.1-1-g8b1a95d (webtiles) character file.

98689 vomix the Severer (level 15, -18/147 HPs)
             Began as a Minotaur Berserker on Aug 10, 2017.
             Was a High Priest of Trog.
             Killed from afar by a shock serpent (24 damage)
             ... with a bolt of electricity
             ... on level 2 of the Snake Pit.
             The game lasted 01:19:14 (25094 turns).

vomix the Severer (Minotaur Berserker)             Turns: 25094, Time: 01:19:15

Health: -18/147    AC: 23    Str: 21    XL:     15   Next: 75%
Magic:  11/14      EV: 15    Int:  4    God:    Trog [*****.]
Gold:   2081       SH:  0    Dex: 17    Spells: 14/14 levels left

rFire    + . .     SeeInvis .   G - +3 battleaxe
rCold    . . .     Gourm    .   (shield currently unavailable)
rNeg     . . .     Faith    .   v - +4 chain mail of Varr {rPois}
rPois    +         Spirit   .   u - +2 hat
rElec    .         Reflect  .   (no cloak)
rCorr    .         Harm     .   I - +2 pair of gloves {archery}
MR       ++...                  (no boots)
Stlth    ..........             R - amulet of regeneration
Regen    0.8/turn               S - ring of protection from magic
MPRegen  0.2/turn               E - ring of protection from fire

@: confused, very slightly contaminated
A: retaliatory headbutt, horns 2
a: Berserk, Trog's Hand, Brothers in Arms, Burn Spellbooks, Renounce Religion


You were on level 2 of the Snake Pit.
You worshipped Trog.
Trog was extremely pleased with you.
You were completely stuffed.

You visited 5 branches of the dungeon, and saw 26 of its levels.
You also visited: Labyrinth.

You collected 2810 gold pieces.
You spent 729 gold pieces at shops.

Inventory:

Hand Weapons
 G - a +3 battleaxe (weapon)
Armour
 d - a +0 plate armour
 u - a +2 hat (worn)
 v - the +4 chain mail of Varr (worn) {rPois}
   (You bought it in a shop on level 1 of the Orcish Mines)

   It protects you from poison.
 I - a +2 pair of gloves of archery (worn)
 O - +0 ice dragon scales
Jewellery
 i - an uncursed ring of teleportation
 o - an uncursed ring of protection from cold
 D - an uncursed ring of flight
 E - a ring of protection from fire (right hand)
 K - an uncursed ring of protection from fire
 P - a +4 ring of dexterity
 R - an amulet of regeneration (around neck)
 S - a ring of protection from magic (left hand)
Wands
 g - a wand of random effects (17/48)
 h - a wand of acid (4/15)
 j - a wand of iceblast (9/15)
 m - a wand of clouds (2/9)
 r - a wand of lightning (4/15)
 s - a wand of digging (21/24)
 B - a wand of scattershot (0/9)
 F - a wand of flame (18/48)
 M - a wand of disintegration (3/24)
 Q - a wand of polymorph (12/24)
Scrolls
 e - 7 scrolls of remove curse
 p - a scroll of blinking
 q - 3 scrolls of fog
 t - 5 scrolls of immolation
 w - 3 scrolls of fear {unknown}
 y - 2 scrolls of enchant weapon
 z - a scroll of torment {unknown}
 J - a scroll of recharging
 N - a scroll of summoning
Potions
 a - 2 potions of cancellation
 b - 4 potions of invisibility
 k - 4 potions of flight
 l - 8 potions of curing
 C - 4 potions of mutation
 H - a potion of ambrosia
 L - 2 potions of lignification {unknown}
Miscellaneous
 U - a fan of gales
Comestibles
 c - 5 bread rations
 f - 5 royal jellies
 n - 4 meat rations
 A - 21 fruits


   Skills:
 - Level 17.0 Fighting
 + Level 19.8 Axes
 * Level 16.0 Armour
 + Level 11.2 Dodging


You had 14 spell levels left.
You didn't know any spells.

Dungeon Overview and Level Annotations

Branches:
Dungeon (15/15)            Temple (1/1) D:6            Lair (6/6) D:11
 Shoals (0/4) Lair:2        Snake (2/4) Lair:3        Slime (0/5) Lair:6
    Orc (2/2) D:12            Elf (0/3) Orc:2        Vaults (0/5) D:14
 Depths (0/5) D:15

Altars:
Ashenzari
Cheibriados
Dithmenos
Elyvilon
Fedhas
Gozag
Hepliaklqana
Kikubaaqudgha
Makhleb
Nemelex Xobeh
Okawaru
Qazlal
Ru
Sif Muna
Trog
Uskayaw
Vehumet
Xom
Yredelemnul
Zin
The Shining One
Jiyva

Shops:
D:12 [(   Orc:1 [   Orc:2 *(*(

Annotations:
D:5 exclusion: statue
Lair:3 exclusion: 2 oklob plants


Innate Abilities, Weirdness & Mutations

You reflexively headbutt those who attack you in melee.
You have a pair of horns on your head.


Message History

* * * LOW HITPOINT WARNING * * *
You feel your power leaking away. The shock serpent bites you.
* * * LOW HITPOINT WARNING * * *
The shock serpent shocks you!
* * * LOW HITPOINT WARNING * * *
The salamander hits you from afar with an enchanted spear.
* * * LOW HITPOINT WARNING * * *
You are engulfed in flames.
You resist.
* * * LOW HITPOINT WARNING * * *
You're too confused!
The shock serpent shoots out a bolt of lightning at you!
The bolt of electricity misses you. The bolt of electricity hits you!
* * * LOW HITPOINT WARNING * * *
The mana viper completely misses you.
The shock serpent shoots out a bolt of lightning at you!
The bolt of electricity hits you!
* * * LOW HITPOINT WARNING * * *
The bolt of electricity hits you!
You die...

##....#....###..#.#.........##...
#.........# #.......##...##.#...
..###.#.........####...#
...#..#.#........####..#
#....#S#.....#####....#
#...........#.# ##....
##.....S#....#.# #..#..
#.....N..............#..
.).....@S......#........
....###.........#.#..... #..#
######.....##..... .### ##..#. #
..... ......


You could see a salamander, a shock serpent and 2 mana vipers.

Vanquished Creatures
  Frances (D:13)
  Azrael (D:12)
  A minotaur (Lab)
  A yaktaur captain (D:14)
  2 rakshasas
  2 naga warriors (Snake:1)
  Erolcha (D:13)
  3 centaur warriors
  4 hydras
  2 anacondas (Snake:1)
  14 two-headed ogres
  An ogre mage (D:15)
  A death knight (D:13)
  2 naga sharpshooters
  A tengu warrior (D:15)
  3 orc high priests (Orc:2)
  A shock serpent (Snake:1)
  2 unseen horrors
  A wizard (D:14)
  A naga ritualist (Snake:2)
  4 orc knights (Orc:2)
  4 mana vipers
  7 ugly things
  A salamander (Snake:1)
  2 deep elf magi
  2 orc sorcerers (Orc:2)
  3 cyclopes
  8 elephants
  2 manticores
  An oklob plant (D:11)
  11 black mambas
  3 naga magi
  A gargoyle (D:14)
  A centaur zombie (D:13)
  15 spiny frogs
  An efreet (D:14)
  A komodo dragon (shapeshifter) (D:13)
  2 rime drakes (Lair:5)
  8 komodo dragons
  2 yaktaurs (D:14)
  5 tengu conjurers
  A meliai (shapeshifter) (D:15)
  7 trolls
  2 wind drakes (shapeshifter)
  Prince Ribbit (D:9)
  11 slime creatures
  4 tyrant leeches (Lair:6)
  34 blink frogs
  8 hippogriffs
  A vampire (D:14)
  2 wraiths
  2 shadows
  A fire bat (shapeshifter) (D:15)
  5 wyverns
  A human (D:7)
  30 yaks
  3 fire elementals (D:12)
  4 hungry ghosts
  3 hogs (D:7)
  Grum (Lair:1)
  4 basilisks
  6 vampire mosquitoes (Lair:6)
  Menkaure (D:5)
  Edmund (D:5)
  2 acid dragons
  4 nagas
  9 water moccasins
  The ghost of flestrin the Digger, an amateur GrEE (D:4)
  2 hell hounds (D:12)
  2 black bears
  8 porcupines
  2 phantoms
  6 ice beasts
  An ice beast (shapeshifter) (D:15)
  19 orc warriors
  A necrophage (D:10)
  7 sky beasts
  8 ogres
  16 wolves
  9 boggarts (D:15)
  17 centaurs
  13 crocodiles
  A big kobold (D:10)
  33 bullfrogs
  A wyvern zombie (D:6)
  A wyvern skeleton (D:9)
  3 scorpions
  25 killer bees
  13 wights
  4 howler monkeys
  An electric eel (Lair:6)
  A crimson imp (D:10)
  16 orc wizards
  11 orc priests
  6 centaur skeletons
  A gnoll shaman (D:10)
  6 hounds
  2 jellies
  4 iguanas
  9 worker ants
  A killer bee zombie (D:4)
  A hound zombie (D:6)
  A howler monkey zombie (D:7)
  4 gnolls (D:10)
  9 adders
  A shadow imp (D:9)
  A worm (D:2)
  An adder skeleton (D:5)
  3 adder zombies
  A dart slug (D:3)
  10 leopard geckos
  71 orcs
  7 giant cockroaches
  9 goblins
  6 hobgoblins
  11 jackals
  16 kobolds
  5 quokkas
  8 bats
  4 frilled lizards
  A jackal skeleton (D:4)
  A leopard gecko zombie (D:6)
  10 rats
  6 fungi
  9 plants
724 creatures vanquished.

Vanquished Creatures (collateral kills)
  A hydra (D:11)
  A naga ritualist (Snake:1)
  An oklob plant (D:11)
  An orc sorcerer (Orc:2)
  6 ugly things
  A cyclops (D:14)
  An elephant (Lair:4)
  2 spiny frogs (Lair:6)
  A komodo dragon (Lair:2)
  3 slime creatures (D:14)
  A hippogriff (Lair:6)
  An orc warrior (Orc:2)
  A crocodile (Lair:2)
  A killer bee (D:11)
22 creatures vanquished.

Vanquished Creatures (others)
  6 fungi (Lair:6)
  10 plants
16 creatures vanquished.

Grand Total: 762 creatures vanquished

Notes
Turn   | Place    | Note
-------+----------+-------------------------------------------
     0 | D:1      | vomix the Minotaur Berserker began the quest for the Orb.
     0 | D:1      | Reached XP level 1. HP: 19/19 MP: 0/0
   165 | D:1      | Reached skill level 4 in Axes
   165 | D:1      | Reached XP level 2. HP: 27/27 MP: 1/1
   568 | D:2      | Reached ** piety under Trog
   758 | D:2      | Found a faded altar of an unknown god.
   828 | D:2      | Reached XP level 3. HP: 29/34 MP: 2/2
  1390 | D:3      | Reached skill level 5 in Axes
  1445 | D:3      | Found a bloodstained altar of Trog.
  1514 | D:3      | Found an opulent altar of Gozag.
  1515 | D:3      | Found a glowing silver altar of Zin.
  1757 | D:3      | Reached XP level 4. HP: 39/41 MP: 3/3
  1962 | D:3      | Reached *** piety under Trog
  1967 | D:3      | Reached skill level 5 in Fighting
  2185 | D:4      | Reached XP level 5. HP: 33/48 MP: 4/4
  2294 | D:4      | Reached skill level 6 in Axes
  2570 | D:4      | Reached XP level 6. HP: 57/57 MP: 5/5
  2584 | D:4      | Got a polished ring mail
  2909 | D:4      | Noticed flestrin's ghost (amateur GrEE)
  2916 | D:4      | Killed flestrin's ghost
  2916 | D:4      | Reached skill level 7 in Axes
  3069 | D:5      | Entered Level 5 of the Dungeon
  3188 | D:5      | Found a radiant altar of Vehumet.
  3237 | D:5      | Noticed Menkaure
  3243 | D:5      | Killed Menkaure
  3243 | D:5      | Reached XP level 7. HP: 66/66 MP: 6/6
  3434 | D:5      | Noticed Edmund
  3444 | D:5      | Killed Edmund
  3545 | D:5      | Reached skill level 8 in Axes
  3687 | D:6      | Noticed a hungry ghost
  3704 | D:6      | Killed a hungry ghost
  3930 | D:6      | Reached XP level 8. HP: 72/75 MP: 7/7
  3960 | D:6      | Found a staircase to the Ecumenical Temple.
  4113 | D:6      | Reached skill level 9 in Axes
  4143 | D:6      | Identified the +0 ring mail of the Poles {+Inv +Fly rN+ rCorr} (You found it on level 4 of the Dungeon)
  4319 | D:6      | Found a shimmering altar of Xom.
  4322 | D:6      | Found a basalt altar of Yredelemnul.
  4325 | D:6      | Found a shadowy altar of Dithmenos.
  4408 | Temple   | Entered the Ecumenical Temple
  4472 | D:7      | Found a white marble altar of Elyvilon.
  4625 | D:7      | Reached **** piety under Trog
  4652 | D:7      | Reached skill level 10 in Axes
  4654 | D:7      | Reached skill level 10 in Fighting
  4659 | D:7      | Reached XP level 9. HP: 86/86 MP: 8/8
  4692 | D:7      | You fall through a shaft!
  4739 | D:8      | Reached skill level 11 in Axes
  5946 | D:8      | Reached skill level 12 in Axes
  6104 | D:8      | Found a sacrificial altar of Ru.
  6534 | D:9      | Noticed a troll
  6551 | D:9      | Reached XP level 10. HP: 46/99 MP: 9/9
  6733 | D:9      | Noticed Prince Ribbit
  6745 | D:9      | Killed Prince Ribbit
  7138 | D:9      | Reached skill level 13 in Axes
  7426 | D:9      | Found an iron altar of Okawaru.
  7672 | D:10     | Entered Level 10 of the Dungeon
  7708 | D:10     | Found a shattered altar of Ashenzari.
  8271 | D:10     | Noticed a two-headed ogre
  8282 | D:10     | Killed a two-headed ogre
  8335 | D:10     | Reached ***** piety under Trog
  8661 | D:10     | Noticed a two-headed ogre
  8667 | D:10     | Killed a two-headed ogre
  8667 | D:10     | Reached skill level 14 in Axes
  8803 | D:10     | Reached XP level 11. HP: 77/109 MP: 10/10
  9000 | D:11     | Noticed a two-headed ogre
  9008 | D:11     | Killed a two-headed ogre
  9060 | D:11     | Found a staircase to the Lair.
  9062 | D:11     | Noticed an oklob plant
  9062 | D:11     | Noticed an oklob plant
  9065 | D:11     | Noticed an eight-headed hydra
  9108 | D:11     | Killed an eight-headed hydra
  9635 | D:11     | Noticed a red ugly thing
  9646 | D:11     | Killed a red ugly thing
 10303 | D:11     | Found a basalt altar of Yredelemnul.
 10384 | D:11     | Killed an oklob plant
 10384 | D:11     | Killed an oklob plant
 10398 | D:11     | Reached skill level 15 in Axes
 10442 | Lair:1   | Entered Level 1 of the Lair of Beasts
 10568 | Lair:1   | Reached skill level 15 in Fighting
 11157 | Lair:1   | Noticed Grum
 11194 | Lair:1   | Killed Grum
 11705 | Lair:1   | Noticed a five-headed hydra
 11712 | Lair:1   | Killed a nine-headed hydra
 12046 | Lair:2   | Identified 2 scrolls of acquirement
 12061 | Lair:2   | Reached skill level 16 in Axes
 12061 | Lair:2   | Reached XP level 12. HP: 82/121 MP: 11/11
 12068 | Lair:2   | Got a bound crystal amulet
 12070 | Lair:2   | Lost intelligence.
 12070 | Lair:2   | Identified the amulet "Torah" {Spirit Int-5 Dex+8} (You acquired it on level 2 of the Lair of Beasts)
 12220 | Lair:2   | Found a staircase to the Shoals.
 12342 | Lair:2   | Found a labyrinth entrance.
 12350 | Lab      | Entered a labyrinth
 12636 | Lab      | Noticed a minotaur
 12645 | Lab      | Killed a minotaur
 13313 | Lair:3   | Found a staircase to the Snake Pit.
 13487 | Lair:3   | Reached skill level 17 in Axes
 14137 | Lair:4   | Reached skill level 5 in Armour
 14506 | Lair:4   | Reached XP level 13. HP: 84/131 MP: 12/12
 15786 | Lair:5   | Reached skill level 5 in Dodging
 16217 | Lair:6   | Entered Level 6 of the Lair of Beasts
 16639 | Lair:6   | Reached skill level 18 in Axes
 16690 | Lair:6   | Found a viscous altar of Jiyva.
 16701 | Lair:6   | Found a staircase to the Slime Pits.
 16720 | Lair:6   | Reached skill level 10 in Armour
 18093 | D:12     | Noticed Azrael
 18105 | D:12     | Killed Azrael
 18295 | D:12     | Reached XP level 14. HP: 132/140 MP: 13/13
 18327 | D:12     | Found Eqyomeul's Armour Shoppe.
 18327 | D:12     | Found a staircase to the Orcish Mines.
 18329 | D:12     | Found Poxaargh's Weapon Shoppe.
 18984 | Orc:1    | Entered Level 1 of the Orcish Mines
 19225 | Orc:1    | Found Umugryip's Antique Armour Shoppe.
 19358 | Orc:2    | Entered Level 2 of the Orcish Mines
 19459 | Orc:2    | Found a staircase to the Elven Halls.
 19757 | Orc:2    | Paralysed by fainting for 7 turns
 19996 | Orc:2    | Found Noiryaxu's General Store.
 19996 | Orc:2    | Found Neptodur's Weapon Shop.
 20101 | Orc:2    | Found Xyuh's Antique Weapon Emporium.
 20101 | Orc:2    | Found Qaacu's Assorted Antiques.
 20466 | Orc:2    | Bought a glowing battleaxe for 285 gold pieces
 20471 | Orc:2    | Bought a scroll of blinking for 112 gold pieces
 20555 | Orc:1    | Bought a jewelled chain mail for 332 gold pieces
 20565 | Orc:1    | Identified the +4 chain mail of Varr {rPois} (You bought it in a shop on level 1 of the Orcish Mines)
 20729 | D:13     | Noticed Erolcha
 20737 | D:13     | Killed Erolcha
 20823 | D:13     | Received a gift from Trog
 21088 | D:13     | Noticed Frances
 21100 | D:13     | Killed Frances
 22109 | D:14     | Reached skill level 19 in Axes
 22112 | D:14     | Found a gate to the Vaults.
 22341 | D:14     | Reached XP level 15. HP: 147/147 MP: 14/14
 22449 | D:15     | Entered Level 15 of the Dungeon
 22462 | D:15     | Reached skill level 10 in Dodging
 22530 | D:15     | Received a gift from Trog
 23430 | D:15     | Reached skill level 15 in Armour
 23443 | D:15     | Found a staircase to the Depths.
 23820 | Snake:1  | Entered Level 1 of the Snake Pit
 25094 | Snake:2  | HP: 6/147 [shock serpent/bolt of electricity (12)]
 25094 | Snake:2  | Killed from afar by a shock serpent

Skill      XL: |  1  2  3  4  5  6  7  8  9 10 11 12 13 14 15 |
---------------+----------------------------------------------+-----
Axes           | 4 5 6 7 8 10 12 14 16 17 18 19 | 19.8
Fighting       | 4 5 6 7 8 10 12 14 15 17 | 17.0
Armour         | 6 10 14 16 | 16.0
Dodging        | 4 7 9 11 | 11.2

Action                   |  1- 3 |  4- 6 |  7- 9 | 10-12 | 13-15 || total
-------------------------+-------+-------+-------+-------+-------++-------
Melee: Hand axe          |   115 |    99 |   291 |    46 |       ||   551
       Headbutt          |    12 |    24 |    59 |   165 |   286 ||   546
       War axe           |       |       |       |   387 |       ||   387
       Battleaxe         |       |       |       |   192 |  1075 ||  1267
Invok: Berserk           |       |     2 |     7 |    16 |    14 ||    39
       Trog's Hand       |       |     2 |     2 |    11 |    15 ||    30
       Brothers in Arms  |       |       |       |     6 |     6 ||    12
       Burn Spellbooks   |       |       |       |     2 |     1 ||     3
Evoke: Wand              |       |       |       |     7 |    11 ||    18
       Box of beasts     |       |       |       |       |     2 ||     2
       Fan of gales      |       |       |       |       |     1 ||     1
  Use: Scroll            |       |       |     7 |    16 |    15 ||    38
       Potion            |       |       |       |       |    14 ||    14
 Stab: Distracted        |       |       |     1 |       |     2 ||     3
       Confused          |       |       |       |       |     4 ||     4
  Eat: Chunk             |     3 |     6 |     4 |    22 |    22 ||    57
       Bread ration      |       |       |     2 |     2 |     5 ||     9
       Meat ration       |       |       |     1 |     3 |     3 ||     7
       Royal jelly       |       |       |     1 |     3 |     3 ||     7
       Fruit             |       |       |       |     1 |     1 ||     2
Armor: Plate armour      |    90 |    58 |   149 |   359 |   151 ||   807
       Animal skin       |     1 |       |       |       |       ||     1
       Ice dragon scales |       |       |       |       |    92 ||    92
       Chain mail        |       |       |       |       |   299 ||   299
Dodge: Dodged            |    37 |    35 |    96 |   200 |   615 ||   983
